 Seeded DCSS version 0.31.0-11-ge490571c62 (webtiles) character file.

Game seed: 2 (custom seed)

23 Kazon the Changeling (level 2, -3/18 HPs)
             Began as an Octopode Shapeshifter on Jan 30, 2024.
             Slain by a phantom (7 damage)
             ... on level 4 of the Dungeon.
             The game lasted 00:03:05 (759 turns).

Kazon the Changeling (Octopode Shapeshifter)         Turns: 759, Time: 00:03:05

Health: -3/18      AC:  1    Str: 13    XL:     2   Next: 95%
Magic:  0/2        EV: 13    Int: 12    God:
Gold:   82         SH:  0    Dex: 11    Spells: 1/1 levels left

rFire   . . .        e - +0 dagger (venom)
rCold   . . .        (no shield)
rNeg    . . .        (helmet currently unavailable)
rPois   .            k - amulet of guardian spirit
rElec   .            l - +4 ring of slaying
rCorr   .            (no ring)
SInv    .            (no ring)
Will    .....        (no ring)
Stlth   ++           (no ring)
HPRegen 0.23/turn    (no ring)
MPRegen 0.08/turn    (no ring)
                     (no ring)

%: guardian spirit
@: beast-form
A: beast (slay +1), almost no armour, amphibious, 8 rings, camouflage 1,
gelatinous body 1, (nimble swimmer 1), tentacles
a: Begin Untransformation


You were on level 4 of the Dungeon.
You were a hulking beast.
You visited 1 branch of the dungeon, and saw 3 of its levels.

You collected 82 gold pieces.

Inventory:

Hand Weapons
 e - a +0 dagger of venom (weapon)
Missiles
 g - 8 stones (quivered)
Jewellery
 k - an amulet of guardian spirit (around mantle)
 l - a +4 ring of slaying (left tentacle)
Talismans
 b - a beast talisman
 c - a flux talisman
 n - a serpent talisman
Scrolls
 f - a scroll of poison {unknown}
 h - a scroll of immolation {unknown}
 i - a scroll of identify {unknown}
Potions
 a - a potion of lignification
 d - a potion of enlightenment {unknown}
 j - a potion of mutation {unknown}


   Skills:
 * Level 1.2 Fighting
 * Level 0.7 Short Blades
 * Level 2.4 Dodging
 + Level 0.2 Stealth
 - Level 3.0 Unarmed Combat
 * Level 3.3 Shapeshifting


You had one spell level left.
You didn't know any spells.
Your spell library was empty.

Dungeon Overview and Level Annotations

Branches:
Dungeon (2/15)

Altars:


Innate Abilities, Weirdness & Mutations

You are a hulking beast.
Your limbs bulge with bestial killing power. (Slay +1)
You cannot wear most types of armour.
You are amphibious.
You can wear up to eight rings at the same time.
Your skin changes colour to match your surroundings (Stealth+).
Your rubbery body absorbs attacks. (AC +1, EV +1)
((You are camouflaged when in or above water. (Stealth+)))
You have tentacles for arms and can constrict up to eight enemies at once.


Message History

You closely miss the phantom.
The phantom is moderately damaged.
The phantom hits you but does no damage.
You closely miss the phantom. Your squeeze misses the phantom.
The phantom is moderately damaged.
You barely miss the phantom. Your squeeze misses the phantom.
The phantom is moderately damaged.
The phantom hits you.
The phantom blinks!
You blink.
You barely miss the phantom.
The phantom is moderately damaged.
The phantom hits you.
The phantom blinks!
You blink.
You hit the phantom.
The phantom is moderately damaged.
The phantom hits you.
* * * LOW HITPOINT WARNING * * *
The phantom blinks!
You blink.
It was a potion of heal wounds.
You feel much better. The phantom hits you.
You hit the phantom.
The phantom is heavily damaged.
The phantom closely misses you.
You completely miss the phantom. You squeeze the phantom.
The phantom is severely damaged.
The phantom hits you but does no damage.
You hit the phantom.
The phantom is severely damaged.
The phantom hits you.
You completely miss the phantom. Your squeeze misses the phantom.
The phantom is severely damaged.
The phantom hits you but does no damage.
You barely miss the phantom.
The phantom is severely damaged.
The phantom closely misses you.
You barely miss the phantom.
The phantom is severely damaged.
The phantom hits you!
* * * LOW HITPOINT WARNING * * *
You hit the phantom. You tentacle-slap the phantom.
The phantom is almost destroyed.
The phantom hits you!
You die...

###..#....## #.
#......## #.. ##
#...#..## #.. .#
#..###).# #.# .####
.........####<###.....
.#.######...##.....#
#. ###..#.....# #
##.#W....#
####..h.....#
##.....#.....#
.......ยง.....#
....#####.....# ....
####### ... ..


You could see a phantom.

Vanquished Creatures
  A dart slug (D:1)
  2 ball pythons (D:1)
  A bat (D:1)
  3 endoplasms
  3 goblins (D:1)
  A hobgoblin (D:1)
  4 quokkas
  A kobold (D:1)
  A rat (D:1)
17 creatures vanquished.

Notes
Turn   | Place    | Note
-------+----------+-------------------------------------------
     0 | D:1      | Kazon the Octopode Shapeshifter began the quest for the
                  | Orb.
     0 | D:1      | Reached XP level 1. HP: 13/13 MP: 1/1
    68 | D:1      | Reached XP level 2. HP: 18/18 MP: 2/2
   712 | D:2      | You fall into a shaft and drop 2 floors!
   732 | D:4      | Noticed a phantom
   759 | D:4      | Slain by a phantom

Illustrated notes

Levels and vault maps discovered:
D:1:      lightli_arrival_noodles, layout_loops_ring, skrybe_limestone_x
D:2:      layout_rooms, serial_shops, shop
D:4:      layout_rooms, mainiacjoe_overflow_six_doors_small,
          minmay_misc_feat_five

Action                     || total
---------------------------++-------
  Melee: Unarmed           ||    10
         Constrict         ||     7
         Tentacles         ||     7
         Dagger            ||    34
         Punch             ||     1
  Throw: Stone             ||     1
    Use: Potion            ||     2
   Stab: Sleeping          ||     4
 Armour: Skin              ||    16
  Dodge: Dodged            ||    12
